 Dungeon Sprint DCSS version 0.20.1-1-g8b1a95d (webtiles) character file.

285 wojtek the Basher (level 6, -1/91 HPs)
             Began as a Minotaur Berserker on Jan 2, 2018.
             Was a Priest of Trog.
             Slain by a hippogriff (6 damage)
             ... in the Dungeon (Sprint II: "The Violet Keep of Menkaure").
             The game lasted 00:00:36 (474 turns).

wojtek the Basher (Minotaur Berserker)               Turns: 474, Time: 00:00:37

Health: -1/91      AC:  2    Str: 28    XL:     6   Next: 7%
Magic:  5/5        EV: 14    Int:  4    God:    Trog [***...]
Gold:   486        SH:  0    Dex: 10    Spells: 5/5 levels left

rFire    . . .     SeeInvis .   a - +0 mace
rCold    . . .     Gourm    .   (no shield)
rNeg     . . .     Faith    .   b - +0 animal skin
rPois    .         Spirit   .   (helmet restricted)
rElec    .         Reflect  .   (no cloak)
rCorr    .         Harm     .   (no gloves)
MR       .....     NoTele   +   (no boots)
Stlth    ..........             (no amulet)
Regen    0.3/turn               (no ring)
MPRegen  0.1/turn               (no ring)

@: berserking, very quick
A: retaliatory headbutt, horns 2
a: Berserk, Trog's Hand, Burn Spellbooks, Renounce Religion


You were in the Dungeon.
You worshipped Trog.
Trog was most pleased with you.
You were not hungry.

You visited 1 branch You collected 486 gold pieces.

Inventory:

Hand Weapons
 a - a +0 mace (weapon)
Armour
 b - a +0 animal skin (worn)
Scrolls
 i - a scroll of blinking
Potions
 e - a potion of heal wounds
 f - a potion of haste
 g - 2 potions of magic
 h - a potion of berserk rage
Comestibles
 c - a bread ration


   Skills:
 + Level 7.6 Fighting
 * Level 10.2 Maces & Flails
 + Level 7.2 Armour
 + Level 6.5 Dodging


You had 5 spell levels left.
You didn't know any spells.

Dungeon Overview and Level Annotations

Branches:
Dungeon (1/1)

Altars:


Innate Abilities, Weirdness & Mutations

You reflexively headbutt those who attack you in melee.
You have a pair of horns on your head.


Message History

The hippogriff barely misses you. The hippogriff pecks you.
* * * LOW HITPOINT WARNING * * *
The hippogriff claws you.
* * * LOW HITPOINT WARNING * * *
You hit the hippogriff. Your headbutt misses the hippogriff.
The hippogriff is lightly wounded.
You barely miss the hippogriff.
The hippogriff is lightly wounded.
The hippogriff misses you. You furiously retaliate!
You headbutt the hippogriff!! The hippogriff misses you.
The hippogriff claws you.
* * * LOW HITPOINT WARNING * * *
You sock the hippogriff!
The hippogriff is almost dead.
You barely miss the hippogriff.
The hippogriff is almost dead.
The hippogriff bites you.
* * * LOW HITPOINT WARNING * * *
The hippogriff pecks you.
You die...

#+##
###..##
#.##..#
##.#.####
##'###.##
##.###..#
+.<.'.##+
##@###..#
#H# #.##
.#$ ###
.# #. ##
##


You could see a hippogriff.

Vanquished Creatures
  A hippogriff (D)
  4 worker ants (D)
  3 worms (D)
8 creatures vanquished.

Vanquished Creatures (others)
  Menkaure (D)
  A crocodile (D)
2 creatures vanquished.

Grand Total: 10 creatures vanquished

Notes
Turn   | Place    | Note
-------+----------+-------------------------------------------
     0 | D        | wojtek the Minotaur Berserker began the quest for the Orb.
     0 | D        | Reached XP level 1. HP: 19/19 MP: 0/0
     9 | D        | Reached skill level 4 in Maces & Flails
    14 | D        | Reached ** piety under Trog
    14 | D        | Reached XP level 2. HP: 11/27 MP: 1/1
    43 | D        | Killed Menkaure
    45 | D        | Killed a crocodile
   195 | D        | Reached skill level 5 in Fighting
   195 | D        | Reached skill level 6 in Maces & Flails
   195 | D        | Reached XP level 3. HP: 15/36 MP: 2/2
   205 | D        | Reached skill level 7 in Maces & Flails
   205 | D        | Reached skill level 5 in Armour
   205 | D        | Reached XP level 4. HP: 8/44 MP: 3/3
   209 | D        | Reached *** piety under Trog
   461 | D        | Noticed a hippogriff
   461 | D        | Noticed a hippogriff
   469 | D        | Killed a hippogriff
   469 | D        | Reached skill level 10 in Maces & Flails
   469 | D        | Reached XP level 5. HP: 17/53 MP: 4/4
   469 | D        | Reached XP level 6. HP: 19/61 MP: 5/5
   474 | D        | Slain by a hippogriff

Skill      XL: |  1  2  3  4 |
---------------+-------------+-----
Maces & Flails | 4 6 7 10 | 10.2
Fighting       | 4 5 7 |  7.6
Armour         | 3 4 5 7 |  7.2
Dodging        | 3 4 6 |  6.5

Action                   |  1- 3 |  4- 6 || total
-------------------------+-------+-------++-------
Melee: Mace              |    19 |    15 ||    34
       Headbutt          |     6 |     2 ||     8
Invok: Berserk           |       |     1 ||     1
  Use: Potion            |     1 |       ||     1
Armor: Animal skin       |       |     1 ||     1
Dodge: Dodged            |    10 |    11 ||    21
